 Dungeon Crawl Stone Soup version 0.31-a0-152-g6aa68a64a1 (webtiles) character file.

Game seed: 14067481604209733409

2589 qw the Cleaver (level 9, 0/57 HPs)
             Began as a Gargoyle Fighter on June 10, 2023.
             Was an Initiate of Okawaru.
             Slain by a two-headed ogre
             ... wielding a +0 dire flail
              (9 damage)
             ... on level 6 of the Dungeon.
             The game lasted 00:02:09 (5691 turns).

qw the Cleaver (Gargoyle Fighter)                   Turns: 5691, Time: 00:02:09

Health: 0/57       AC: 23    Str: 23    XL:     9   Next: 58%
Magic:  8/10       EV: 10    Int: 10    God:    Okawaru [......]
Gold:   218        SH:  5    Dex:  9    Spells: 8/8 levels left

rFire   + . .        Y - +3 war axe (flame)
rCold   . . .        c - +0 buckler
rNeg    + . .        i - +0 chain mail
rPois   inf          k - +2 hat
rElec   +            (no cloak)
rCorr   .            n - +2 pair of gloves
SInv    .            (no boots)
Will    .....        a - amulet of the acrobat Stlth
                     e - ring of protection from fire
HPRegen 0.29/turn    (no ring)
MPRegen 0.12/turn

%: acrobat
@: heroic, very slow
A: sickness immunity, AC +6, negative energy resistance 1, electricity
resistance, torment resistance 1, petrification resistance
a: Renounce Religion


You were on level 6 of the Dungeon.
You worshipped Okawaru.
Okawaru was noncommittal.
You visited 2 branches of the dungeon, and saw 7 of its levels.

You collected 308 gold pieces.
You spent 90 gold pieces at shops.


Innate Abilities, Weirdness & Mutations

You are immune to sickness and miasma.
Your stone body is resilient. (AC +6)
You are immune to poison.
You resist negative energy. (rN+)
You are resistant to electric shocks. (rElec)
You are resistant to unholy torment.
You are immune to petrification.


   Skills:
 - Level 7.0(12.0) Fighting
 - Level 9.0(14.0) Axes
 - Level 3.9(8.9) Throwing
 - Level 4.4(9.4) Armour
 - Level 1.3(6.3) Dodging
 + Level 3.5(8.5) Shields
 - Level 1.9 Invocations


You had 8 spell levels left.
You didn't know any spells.
Your spell library was empty.

Inventory:

Hand Weapons
 Y - a +3 war axe of flaming (weapon)
Missiles
 m - 3 boomerangs (quivered)
Armour
 c - a +0 buckler (worn)
 i - a +0 chain mail (worn)
 k - a +2 hat (worn)
 n - a +2 pair of gloves (worn)
Jewellery
 a - an amulet of the acrobat (around neck)
 e - a ring of protection from fire (left hand)
Wands
 j - a wand of digging (7)
Scrolls
 g - a scroll of identify
Potions
 b - a potion of curing
 d - 2 potions of might
 f - a potion of cancellation
 h - a potion of lignification
 l - a potion of haste

Dungeon Overview and Level Annotations

Branches:
Dungeon (6/15)             Temple (1/1) D:4

Altars:
Ashenzari
Cheibriados
Dithmenos
Elyvilon
Fedhas
Gozag
Hepliaklqana
Kikubaaqudgha
Makhleb
Okawaru
Ru
Sif Muna
Uskayaw
Vehumet
Wu Jian
Xom
Yredelemnul
Zin
The Shining One
Ignis

Annotations:
D:2 1 runed translucent door, Crazy Yiuf


Message History

The bolt of electricity hits you but does no damage.
You resist. The bolt of electricity misses you.
The bolt of electricity hits the electric eel.
The electric eel completely resists.
You slice the electric eel!! You burn the electric eel.
You kill the electric eel!
Okawaru accepts your kill.
You hear a splash.
You slash the electric eel! You burn the electric eel.
You kill the electric eel!
Okawaru accepts your kill.
The electric eel shoots out a bolt of lightning at you!
The bolt of electricity hits you. You resist.
You see here a vampire mosquito corpse.
Your unstable footing causes you to fumble your attack.
You block the two-headed ogre's attack.
The two-headed ogre hits you with a +0 giant club!
You slice the two-headed ogre!! You burn the two-headed ogre!
The two-headed ogre is heavily wounded.
You closely miss the electric eel.
The electric eel shoots out a bolt of lightning at you!
The bolt of electricity hits you. You resist.
Your unstable footing causes you to fumble your attack.
You feel like a meek peon again.
The two-headed ogre hits you with a +0 dire flail!
The two-headed ogre hits you with a +0 giant club!
5689 ||| INVOKING Heroism.
You gain the combat prowess of a mighty hero.
You can no longer gain great but temporary skills.
The two-headed ogre misses you. The two-headed ogre closely misses you.
The electric eel shoots out a bolt of lightning at you!
The bolt of electricity hits you. You resist.
Your unstable footing causes you to fumble your attack.
You slash the two-headed ogre! You burn the two-headed ogre.
The two-headed ogre is almost dead.
You barely miss the electric eel.
The electric eel shoots out a bolt of lightning at you!
The bolt of electricity hits you. You resist.
The two-headed ogre hits you with a +0 dire flail!
You die...

.......##.# ##)##
....#####.## #..# ....#
#..#### #).# ....#
##....## ##.## #####
####..# #..#### ####''####
#.#...##
#~~~..~~~###.#....##
#~~~~..~~~~##.#.....##
#~~~~~..~@%~~###......##
~~~~~~..~OS~~~##.......##
~~~~~~..~~~~~~~##.......##
~~~~~~..~~~~~~~~#........#
~~~~~~..~~~~~~~~#........#
~~~~7..7~~~~~~~#.........
###
~~~.77.~~~~~~~#.........
..### ~~~.
.~~~~~~~#........# ....#
#.......##


You could see a two-headed ogre and an electric eel.

Vanquished Creatures
  Pikel (D:4)
  An oklob plant (D:4)
  Grinder (D:3)
  A steam dragon (D:6)
  A vampire mosquito (D:6)
  2 black bears
  An ice beast (D:6)
  2 ogres
  2 centaurs
  A lemure (D:4)
  2 electric eels (D:6)
  5 hounds
  An orc priest (D:5)
  6 sleepcaps
  Natasha (twice) (D:3)
  An iguana (D:4)
  4 orc wizards
  8 adders
  An ufetubus (D:5)
  4 worms
  3 dart slugs
  13 orcs
  7 ball pythons
  7 endoplasms
  3 giant cockroaches
  4 goblins
  4 hobgoblins
  8 jackals
  3 quokkas
  3 bats
  3 frilled lizards
  6 kobolds
  5 rats
116 creatures vanquished.

Notes
Turn   | Place    | Note
-------+----------+-------------------------------------------
     0 | D:1      | qw the Gargoyle Fighter began the quest for the Orb.
     0 | D:1      | Reached XP level 1. HP: 14/14 MP: 1/1
     0 | D:1      | 0 ||| qw: Version: 0.2-a-123-gb51047a
     0 | D:1      | 0 ||| qw: Game counter: 3742
     0 | D:1      | 0 ||| qw: Always use a shield: true
     0 | D:1      | 0 ||| qw: God list: Okawaru
     0 | D:1      | 0 ||| qw: Allow faded altars: false
     0 | D:1      | 0 ||| qw: Do Orc after D:15 true
     0 | D:1      | 0 ||| qw: Do second Lair branch before Depths: true
     0 | D:1      | 0 ||| qw: Lair rune preference: random
     0 | D:1      | 0 ||| qw: Plans: Normal, Zot:1-4, Slime:5, God:TSO, Crypt,
                  | Tomb, Abyss, Pan, Hells, Win
     0 | D:1      | 0 ||| PLANNING D:1-11
    80 | D:1      | Reached skill level 2 in Axes
   110 | D:1      | 110 ||| Stepping ~*~*~tactically~*~*~ (stealth).
   112 | D:1      | 112 ||| Stepping ~*~*~tactically~*~*~ (stealth).
   113 | D:1      | 113 ||| Stepping ~*~*~tactically~*~*~ (stealth).
   116 | D:1      | 116 ||| Stepping ~*~*~tactically~*~*~ (hiding).
   242 | D:1      | Reached XP level 2. HP: 19/19 MP: 2/2
   330 | D:1      | 330 ||| Stepping ~*~*~tactically~*~*~ (stealth).
   331 | D:1      | 331 ||| Stepping ~*~*~tactically~*~*~ (stealth).
  1017 | D:1      | 1017 ||| READING scroll labelled MELINL ZUZO.
  1018 | D:1      | 1018 ||| READING 2 scrolls labelled XOTODIQOEST.
  1019 | D:1      | 1019 ||| READING scroll labelled AQEDECHARU.
  1020 | D:1      | 1020 ||| DROPPING +0 club.
  1021 | D:1      | 1021 ||| READING scroll labelled GYOGOWN VEEPI.
  1022 | D:1      | 1022 ||| DRINKING 2 green potions.
  1023 | D:1      | 1023 ||| DRINKING 2 fuming ruby potions.
  1144 | D:2      | Reached skill level 3 in Axes
  1144 | D:2      | Reached XP level 3. HP: 23/23 MP: 3/3
  1185 | D:2      | Found a faded altar of an unknown god.
  1455 | D:2      | Reached XP level 4. HP: 28/28 MP: 4/4
  1600 | D:2      | Found a runed translucent door.
  1601 | D:2      | Noticed Crazy Yiuf
  1684 | D:2      | 1684 ||| UPGRADING to +0 chain mail.
  1694 | D:2      | 1694 ||| DROPPING +0 scale mail.
  1695 | D:2      | 1695 ||| UPGRADING to amulet of the acrobat.
  1700 | D:2      | 1700 ||| UPGRADING to ring of protection from fire.
  1701 | D:2      | 1701 ||| DRINKING 2 black potions.
  1723 | D:2      | 1723 ||| READING 3 scrolls of identify.
  1723 | D:2      | 1723 ||| IDENTIFYING fuming black potion
  1724 | D:2      | 1724 ||| DROPPING potion of enlightenment.
  1781 | D:3      | Reached skill level 4 in Axes
  1837 | D:3      | Noticed Grinder
  1847 | D:3      | 1847 ||| Stepping ~*~*~tactically~*~*~ (hiding).
  1852 | D:3      | Killed Grinder
  1853 | D:3      | Reached skill level 5 in Axes
  1853 | D:3      | Reached XP level 5. HP: 11/32 MP: 5/5
  1853 | D:3      | Reached XP level 6. HP: 12/37 MP: 6/6
  2028 | D:3      | Noticed Natasha
  2034 | D:3      | Killed Natasha
  2105 | D:3      | 2105 ||| Stepping ~*~*~tactically~*~*~ (stealth).
  2108 | D:3      | 2108 ||| Stepping ~*~*~tactically~*~*~ (stealth).
  2136 | D:3      | 2136 ||| FLEEEEING.
  2209 | D:3      | 2209 ||| Stepping ~*~*~tactically~*~*~ (stealth).
  2544 | D:3      | Noticed Natasha
  2545 | D:3      | 2545 ||| Stepping ~*~*~tactically~*~*~ (stealth).
  2548 | D:3      | 2548 ||| Stepping ~*~*~tactically~*~*~ (hiding).
  2554 | D:3      | Killed Natasha
  2845 | D:3      | 2845 ||| DROPPING orb of wrath.
  2846 | D:3      | 2846 ||| UPGRADING to +2 pair of gloves.
  2851 | D:3      | 2851 ||| DROPPING ring of magical power.
  2852 | D:3      | 2852 ||| READING 3 scrolls labelled JAIW QIRIE.
  2853 | D:3      | 2853 ||| READING 2 scrolls of enchant weapon.
  2853 | D:3      | 2853 ||| ENCHANTING +1 war axe of flaming.
  2854 | D:3      | 2854 ||| READING scroll of enchant weapon.
  2854 | D:3      | 2854 ||| ENCHANTING +2 war axe of flaming.
  2855 | D:3      | 2855 ||| READING 3 scrolls of identify.
  2855 | D:3      | 2855 ||| IDENTIFYING amethyst potion
  2856 | D:3      | 2856 ||| READING 2 scrolls of identify.
  2856 | D:3      | 2856 ||| IDENTIFYING purple potion
  2857 | D:3      | 2857 ||| DROPPING potion of degeneration.
  2858 | D:3      | 2858 ||| DROPPING potion of brilliance.
  2890 | D:4      | 2890 ||| Stepping ~*~*~tactically~*~*~ (hiding).
  2895 | D:4      | Reached skill level 6 in Axes
  2910 | D:4      | Reached XP level 7. HP: 43/43 MP: 7/7
  2910 | D:4      | 2910 ||| Stepping ~*~*~tactically~*~*~ (stealth).
  2911 | D:4      | 2911 ||| Stepping ~*~*~tactically~*~*~ (stealth).
  2914 | D:4      | Found Zin's Purification Station.
  2918 | D:4      | Found a glowing silver altar of Zin.
  2923 | D:4      | 2923 ||| BUYING potion of curing (90 gold).
  2923 | D:4      | Bought a potion of curing for 90 gold pieces
  2968 | D:4      | Found a shimmering blue altar of Sif Muna.
  2998 | D:4      | Reached skill level 1 in Dodging
  3164 | D:4      | Reached skill level 7 in Axes
  3204 | D:4      | 3204 ||| Stepping ~*~*~tactically~*~*~ (hiding).
  3205 | D:4      | 3205 ||| Stepping ~*~*~tactically~*~*~ (hiding).
  3207 | D:4      | 3207 ||| Stepping ~*~*~tactically~*~*~ (hiding).
  3208 | D:4      | 3208 ||| Stepping ~*~*~tactically~*~*~ (hiding).
  3367 | D:4      | Found a sacrificial altar of Ru.
  3398 | D:4      | 3398 ||| Stepping ~*~*~tactically~*~*~ (stealth).
  3399 | D:4      | Noticed Pikel
  3422 | D:4      | Killed Pikel
  3423 | D:4      | Reached XP level 8. HP: 38/53 MP: 8/8
  3475 | D:4      | Found a white marble altar of Elyvilon.
  3591 | D:4      | Found a blossoming altar of Fedhas.
  3605 | D:4      | Noticed an oklob plant
  3620 | D:4      | HP: 13/53 [oklob plant/splash of acid (11)]
  3621 | D:4      | 3621 ||| DRINKING potion of heal wounds.
  3628 | D:4      | HP: 3/53 [oklob plant/splash of acid (15)]
  3630 | D:4      | Killed an oklob plant
  3631 | D:4      | Reached skill level 3 in Throwing
  3866 | D:4      | Found a staircase to the Ecumenical Temple.
  3867 | D:4      | 3867 ||| PLANNING TEMPLE
  3867 | D:4      | 3867 ||| UPGRADING to +2 hat.
  3872 | D:4      | 3872 ||| DROPPING scarf of harm.
  3873 | D:4      | 3873 ||| READING scroll labelled GAROICEOVO.
  3883 | Temple   | Entered the Ecumenical Temple
  3900 | Temple   | 3900 ||| PLANNING OKAWARU WORSHIP
  3941 | Temple   | Became a worshipper of Warmaster Okawaru
  3941 | Temple   | 3941 ||| PLANNING D:1-11
  4048 | D:5      | Entered Level 5 of the Dungeon
  4064 | D:5      | 4064 ||| Stepping ~*~*~tactically~*~*~ (hiding).
  4170 | D:5      | Found a radiant altar of Vehumet.
  4188 | D:5      | Found a snail-covered altar of Cheibriados.
  4289 | D:5      | 4289 ||| Stepping ~*~*~tactically~*~*~ (hiding).
  4461 | D:5      | 4461 ||| Stepping ~*~*~tactically~*~*~ (stealth).
  4467 | D:5      | Reached XP level 9. HP: 57/57 MP: 9/9
  4517 | D:5      | Reached skill level 8 in Axes
  4999 | D:5      | 4999 ||| READING 2 scrolls of identify.
  4999 | D:5      | 4999 ||| IDENTIFYING bubbling cyan potion
  5040 | D:6      | 5040 ||| Stepping ~*~*~tactically~*~*~ (hiding).
  5044 | D:6      | 5044 ||| Stepping ~*~*~tactically~*~*~ (hiding).
  5077 | D:6      | 5077 ||| Stepping ~*~*~tactically~*~*~ (hiding).
  5187 | D:6      | 5187 ||| Stepping ~*~*~tactically~*~*~ (stealth).
  5292 | D:6      | 5292 ||| Stepping ~*~*~tactically~*~*~ (hiding).
  5416 | D:6      | 5416 ||| Stepping ~*~*~tactically~*~*~ (hiding).
  5418 | D:6      | 5418 ||| Stepping ~*~*~tactically~*~*~ (hiding).
  5426 | D:6      | 5426 ||| Stepping ~*~*~tactically~*~*~ (stealth).
  5438 | D:6      | 5438 ||| Stepping ~*~*~tactically~*~*~ (stealth).
  5445 | D:6      | 5445 ||| Stepping ~*~*~tactically~*~*~ (stealth).
  5447 | D:6      | Reached * piety under Okawaru
  5448 | D:6      | Reached skill level 9 in Axes
  5552 | D:6      | 5552 ||| INVOKING Heroism.
  5556 | D:6      | Reached skill level 1 in Invocations
  5672 | D:6      | 5672 ||| INVOKING Heroism.
  5678 | D:6      | Noticed a two-headed ogre
  5689 | D:6      | 5689 ||| INVOKING Heroism.
  5689 | D:6      | HP: 13/57 [electric eel/bolt of electricity (3)]
  5691 | D:6      | Slain by a two-headed ogre

Levels and vault maps discovered:
D:1:      wheals_arrival_linesprint, layout_basic
D:2:      layout_rooms, ebering_ecumenical_altar_hall, uniq_crazy_yiuf_cottage
D:3:      layout_basic, hex_tiny, minmay_starry_boxes, uniq_natasha,
          uniq_grinder
D:4:      layout_basic, tgw_fedhas, zin_purify,
          mainiacjoe_overflow_six_doors_small, mainiacjoe_overflow_two_lobes,
          minmay_temple_entry_mist, hellmonk_no_cap, uniq_pikel
D:5:      layout_basic, mainiacjoe_overflow_large_starburst,
          roderic_roman_lattice
D:6:      kennysheep_big_flooded_room, layout_cave_pods,
          nemelex_spade_bored_becter, serial_shops,
          nicolae_shop_temple_entry_statues_fountains
Temple:   pdpol_scorched_temple

Skill      XL: |  1  2  3  4  5  6  7  8  9 |
---------------+----------------------------+-----
Axes           | 2 3 5 6 7 9 |  9.0
Fighting       | 4 7 |  7.0
Dodging        | 1 |  1.3
Throwing       | 3 |  3.9
Invocations    | 1 |  1.9
Armour         | 4 |  4.4
Shields        | |  3.5

Action                     |  1- 3 |  4- 6 |  7- 9 || total
---------------------------+-------+-------+-------++-------
  Melee: War axe           |    69 |    66 |   131 ||   266
  Throw: Boomerang         |    18 |    23 |    45 ||    86
 Invoke: Heroism           |       |       |     3 ||     3
    Use: Scroll            |     4 |     6 |     2 ||    12
         Potion            |     2 |     1 |     1 ||     4
 Armour: Scale mail        |    34 |       |       ||    34
         Chain mail        |       |    31 |    52 ||    83
  Dodge: Dodged            |    28 |    29 |    41 ||    98
  Block: Buckler           |    13 |     7 |    12 ||    32

Table legend:
 A = Non-vault XP
 B = Vault XP
 C = Vault XP percentage of total XP
 D = Non-vault monster count
 E = Vault monster count
 F = Vault count percentage of total count
                 A         B        C        D         E       F
            +---------+---------+-------+---------+---------+-------
      Total |    1887 |    1812 |  49.0 |      97 |      18 |  15.7
            +---------+---------+-------+---------+---------+-------
        D:1 |      28 |       0 |   0.0 |      17 |       0 |   0.0
        D:2 |      62 |       0 |   0.0 |      17 |       0 |   0.0
        D:3 |      75 |     313 |  80.7 |      12 |      10 |  45.5
        D:4 |     311 |    1325 |  81.0 |      15 |       7 |  31.8
        D:5 |     650 |       0 |   0.0 |      16 |       0 |   0.0
        D:6 |     761 |     174 |  18.6 |      20 |       1 |   4.8
            +---------+---------+-------+---------+---------+-------
